 Dungeon Crawl Stone Soup version 0.29-a0-541-gaf1fc19f1b (webtiles) character file.

Game seed: 10770769367502841550

23 vulpzor the Conjurer (level 2, 0/15 HPs)
             Began as a Deep Elf Conjurer on June 3, 2022.
             Was a Follower of Zin.
             Slain by Natasha (5 damage)
             ... on level 2 of the Dungeon.
             The game lasted 00:12:32 (743 turns).

vulpzor the Conjurer (Deep Elf Conjurer)             Turns: 743, Time: 00:12:33

Health: 0/15       AC:  3    Str:  4    XL:     2   Next: 72%
Magic:  0/8        EV: 11    Int: 22    God:    Zin [*.....]
Gold:   56         SH:  0    Dex: 13    Spells: 4/7 levels left

rFire   . . .      SeeInvis .   e - +0 short sword
rCold   . . .      Faith    .   (no shield)
rNeg    . . .      Spirit   .   c - +0 leather armour
rPois   .          Reflect  .   (no helmet)
rElec   .          Harm     .   (no cloak)
rCorr   .          Rampage  .   (no gloves)
Will    .....                   (no boots)
Stlth   ++........              (no amulet)
HPRegen 0.05/turn               (no ring)
MPRegen 0.11/turn               (no ring)

@: no status effects
A: no striking features
a: Renounce Religion, Recite, Donate Gold


You were on level 2 of the Dungeon.
You worshipped Zin.
Zin was aware of your devotion.
You visited 1 branch of the dungeon, and saw 2 of its levels.

You collected 62 gold pieces.
You donated 6 gold pieces to Zin.

Inventory:

Hand Weapons
 e - a +0 short sword (weapon)
Armour
 a - a +0 robe
 c - a +0 leather armour (worn)
Scrolls
 d - a scroll of immolation
 g - 2 scrolls of teleportation {unknown}
 h - a scroll of noise {unknown}
 i - a scroll of summoning {unknown}
Potions
 b - a potion of magic
 f - a potion of curing {unknown}


   Skills:
 + Level 0.1 Armour
 + Level 2.6 Dodging
 + Level 2.6 Stealth
 + Level 3.1 Spellcasting
 + Level 5.0 Conjurations


You had 4 spell levels left.
You knew the following spells:

 Your Spells              Type           Power      Damage    Failure   Level
a - Magic Dart            Conj           100%       1d8       2%          1
b - Searing Ray           Conj           50%        2d6       4%          2

Your spell library contained the following spells:

 Spells                   Type           Power      Damage    Failure   Level
 Dazzling Flash           Conj/Hex       28%        N/A       24%         3
 Call Canine Familiar     Summ           3%         N/A       54%         3
 Portal Projectile        Hex/Tloc       6%         N/A       54%         3
 Fulminant Prism          Conj/Hex       7%         3d7       61%         4
 Iskenderun's Mystic Bla  Conj/Tloc      14%        2d5       61%         4
 Leda's Liquefaction      Hex/Erth       1%         N/A       91%         4


Dungeon Overview and Level Annotations

Branches:
Dungeon (2/15)

Altars:
Zin

Annotations:
D:2 Natasha


Message History

Natasha, Servant of Life and Death comes into view.
Natasha wildly gestures.
You feel troubled. Natasha casts a spell at you. The magic dart hits you.
Press: ? - help, v - describe, . - travel
Here: Natasha The floor.
Natasha is nearby!
Casting: Magic Dart (safe; 2% risk of failure)
Confirm with . or Enter, or press ? or * to list all spells.
Aiming: Magic Dart (safe; 2% risk of failure)
Press: ? - help, Shift-Dir - straight line, f/p - Natasha
Aim: Natasha (100% to hit)
The magic dart hits Natasha.
Natasha is lightly wounded.
Casting: Magic Dart (safe; 2% risk of failure)
Confirm with . or Enter, or press ? or * to list all spells.
Aiming: Searing Ray (safe; 4% risk of failure)
Press: ? - help, Shift-Dir - straight line, f/p - Natasha
Aim: Natasha (lightly wounded, 74% to hit)
The searing ray hits Natasha.
Natasha is heavily wounded. (Press . to maintain the ray.) Natasha claws you.
There are no items here.
There are no items here.
There are no items here.
The searing ray hits Natasha.
Natasha is severely wounded.
Natasha claws you.
The searing ray hits Natasha.
Natasha is severely wounded.
Natasha stares at you and mumbles some strange words.
You resist with significant effort.
The searing ray hits Natasha.
Natasha is almost dead.
You finish channelling your searing ray.
Natasha claws you.
You die...

,,,,,,,,,,,,,.#...........##**,*
,,,,,,,,*,,.................,*,*
....,...#...............#.#***,*
...,,...#.g.,.,#.#.#......# *,*
..,,,.....#*+#.#........#.# *,*
.#*##.....##.#.#?..#......####,*
.# #......#.≈≈..≈.............,*
.# #........####≈h......#*******
.###.....≈..#.8≈@##....##
.........###≈≈.#≈....#.#
.......≈##≈≈≈.≈#≈###.#.######
.......≈#≈.≈..≈≈.#..........##
........'≈≈≈≈≈#.≈#.#.........#
........'.≈.._#........≈≈≈.≈.##
.......≈'≈.≈≈≈#≈.........≈≈≈..#
........#..≈≈≈#≈..†.#.#..≈.≈..#
........##≈.≈.##≈#.##.#......##


You could see Natasha.

Vanquished Creatures
  A worm (D:2)
  2 bats (D:1)
  2 endoplasms (D:1)
  A giant cockroach (D:1)
  3 goblins (D:2)
  A hobgoblin (D:1)
  A kobold (D:2)
  3 ball pythons
  A frilled lizard (D:2)
  3 rats (D:1)
  A spectral hobgoblin (D:2)
19 creatures vanquished.

Notes
Turn   | Place    | Note
-------+----------+-------------------------------------------
     0 | D:1      | vulpzor the Deep Elf Conjurer began the quest for the Orb.
     0 | D:1      | Reached XP level 1. HP: 10/10 MP: 6/6
   228 | D:1      | Reached XP level 2. HP: 4/15 MP: 5/8
   624 | D:2      | Reached skill level 5 in Conjurations
   684 | D:2      | Found a faded altar of an unknown god.
   700 | D:2      | Prayed at the altar of an unknown god.
   700 | D:2      | Became a worshipper of Zin the Law-Giver
   700 | D:2      | Reached * piety under Zin
   717 | D:2      | Learned a level 2 spell: Searing Ray
   732 | D:2      | Noticed Natasha
   743 | D:2      | Slain by Natasha

Illustrated notes

Levels and vault maps discovered:
D:1:      lightli_arrival_isolated_outpost, layout_basic, lemuel_old_faithful
D:2:      layout_basic, dreamdust_ecumenical_altar_drowned_temple,
          chequers_serial_rivers_micro_c, uniq_natasha

Skill      XL: |  1  2 |
---------------+-------+-----
Conjurations   | 5 |  5.0
Armour         | |  0.1
Dodging        | |  2.6
Stealth        | |  2.6
Spellcasting   | |  3.1

Action                   || total
-------------------------++-------
Melee: Short sword       ||    18
       Unarmed           ||     1
 Cast: Magic Dart        ||    30
       Searing Ray       ||     1
  Use: Scroll            ||     2
Armor: Leather armour    ||     8
Dodge: Dodged            ||    22

Table legend: (Time is in decaauts)
 A = Elapsed time spent in this place.
 B = Non-inter-level travel time spent in this place.
 C = Inter-level travel time spent in this place.
 D = Time resting spent in this place.
 E = Time spent auto-exploring this place.
 F = Levels seen in this place.
 G = Mean time per level.
                   A        B        C        D        E       F      G
               +--------+--------+--------+--------+--------+-----+--------+
         Total |    755 |    755 |      0 |     51 |      0 |   2 |  377.5 |
       Dungeon |    755 |    755 |      0 |     51 |      0 |   2 |  377.5 |
               +--------+--------+--------+--------+--------+-----+--------+

Top non-repeatable levels by time:
     D:1: 540 daAuts
     D:2: 214 daAuts
